 Dungeon Sprint DCSS version 0.18-a0-1788-g92de1ac (webtiles) character file.

11822 Moloch the Phalangite (level 11, -8/102 HPs)
             Began as a Naga Berserker on Apr 19, 2016.
             Was the Champion of Trog.
             Killed by divine providence
             ... invoked by an orc high priest
              (14 damage)
             ... in the Dungeon (Sprint IX: "|||||||||||||||||||||||||||||").
             The game lasted 00:06:03 (1615 turns).

Moloch the Phalangite (Naga Berserker)              Turns: 1615, Time: 00:06:03

Health: -8/102     AC: 15    Str: 23    XL:     11   Next: 83%
Magic:  11/11      EV:  5    Int: 13    God:    Trog [******]
Gold:   1266       SH:  0    Dex: 10    Spells: 0 memorised, 10 levels left

rFire  . . .     SeeInvis +     b - +9 bardiche of Watchfulness {flame, Int+5}
rCold  . . .     Gourm    .     o - +0 plate armour
rNeg   . . .     Faith    .     (shield currently unavailable)
rPois  +         Spirit   .     z - +0 helmet
rElec  .         Dismiss  .     y - +0 cloak
rCorr  .         Reflect  .     a - +0 pair of gloves
SustAt .         Harm     .     (no barding)
MR     +....     NoTele   +     (no amulet)
Stlth  ..........               (no ring)
                                (no ring)

@: exhausted, slowed, very slow, somewhat resistant to hostile enchantments,
extremely unstealthy
A: see invisible, deformed body, poison resistance, slowness 2, slow metabolism
1, spit poison 2, AC +3
a: Spit Poison, Berserk, Trog's Hand, Brothers in Arms, Burn Spellbooks,
Renounce Religion


You were in the Dungeon.
You worshipped Trog.
Trog was exalted by your worship.
You were near starving.

You visited 1 branch You collected 1266 gold pieces.

Inventory:

Hand Weapons
 b - the +9 bardiche of Watchfulness (weapon) {flame, Int+5}
   (Trog gifted it to you in the Dungeon)

   It has been specially enchanted to burn those struck by it, causing extra
   injury to most foes and up to half again as much damage against particularly
   susceptible opponents.
   Big, fiery blades are also staple armaments of hydra-hunters.
   It affects your intelligence (+5).
 A - a +5 bardiche of venom
Armour
 a - a +0 pair of gloves (worn)
 o - a +0 plate armour (worn)
 y - a +0 cloak (worn)
 z - a +0 helmet (worn)
Wands
 m - a wand of lightning (7/15)
Scrolls
 i - 2 scrolls of blinking
 l - 4 scrolls of remove curse
 s - a scroll of enchant armour
 t - a scroll of fear
 u - 2 scrolls of fog
 v - a scroll of recharging
Potions
 d - 6 potions of curing
 e - 4 potions of heal wounds
 f - a potion of haste
 g - 4 potions of magic
 h - a potion of berserk rage
 k - a potion of invisibility
 p - a potion of resistance
 q - a potion of might
 r - a potion of cure mutation
Comestibles
 c - 13 bread rations
 j - 40 fruits
 x - 12 meat rations


   Skills:
 + Level 7.7 Fighting
 + Level 24.1 Polearms
 + Level 6.2 Armour
 - Level 1.5 Dodging


You had 10 spell levels left.
You didn't know any spells.

Dungeon Overview and Level Annotations

Branches:
Dungeon (1/1)

Altars:
Cheibriados
Dithmenos
Elyvilon
Fedhas
Gozag
Kikubaaqudgha
Makhleb
Nemelex Xobeh
Okawaru
Pakellas
Qazlal
Ru
Sif Muna
Trog
Vehumet
Xom
Yredelemnul
Zin
The Shining One
Beogh
Jiyva
Lugonu

Shops:
D :?%


Innate Abilities, Weirdness & Mutations

You cannot wear boots.
Your serpentine skin is tough (AC +3).
You have supernaturally acute eyesight.
Armour fits poorly on your strangely shaped body.
Your system is resistant to poisons.
You cover ground very slowly.
You have a slow metabolism.
You can spit poison.


Message History

Unknown command.
Unknown command.
The orc high priest invokes the aid of Beogh against you.
Beogh smites you!
* * * LOW HITPOINT WARNING * * *
The orange demon stings you from afar.
* * * LOW HITPOINT WARNING * * *
The orc high priest mumbles some strange prayers to Beogh.
The orange demon stings you from afar.
* * * LOW HITPOINT WARNING * * *
The orc high priest prays to Beogh.
Things that are here:
a glaive; 50 gold pieces; an orc corpse You swap places.
The orange demon stings your hill giant!
The orange demon hits your hill giant.
Your hill giant hits the orange demon with a giant club!!!
The orc high priest mumbles some strange prayers to Beogh against you.
Beogh smites you!
You die...

▓o▓.▓.▓.▓'▓
▓4▓.▓.▓.▓(▓
▓o▓.▓.▓.▓.▓
▓o▓.▓.▓.▓.▓
▓o▓.▓.▓.▓[▓
▓4▓.▓.▓.▓.▓
▓C▓.▓.▓.▓(▓
▓)▓(▓.▓.▓|▓
▓@▓.▓'▓.▓?▓
▓)▓)▓)▓.▓.▓
▓.▓.▓.▓.▓'▓
▓.▓.▓.▓.▓_▓
▓.▓.▓.▓.▓_▓
▓.▓.▓.▓.▓_▓
▓)▓.▓.▓.▓_▓
▓.▓.▓.▓.▓_▓
▓.▓.▓.▓.▓_▓


You could see 3 orc high priests, 2 orange demons and a friendly hill giant
(berserk).

Vanquished Creatures
  Josephine (D)
  2 centaur warriors (D)
  Erica (D)
  3 orc high priests (D)
  An unseen horror (D)
  An orc knight (D)
  An elephant (D)
  A spiny frog (D)
  A komodo dragon (D)
  3 giant leeches (D)
  A blink frog (D)
  A slime creature (D)
  3 wraiths (D)
  A yak (D)
  A hungry ghost (D)
  2 hippogriffs (D)
  5 orc warriors (D)
  A necrophage (D)
  An ogre (D)
  A centaur (D)
  2 crocodiles (D)
  A big kobold (D)
  3 giant frogs (D)
  A scorpion (D)
  2 crimson imps (D)
  4 orc priests (D)
  An orc wizard (D)
  An iguana (D)
  A worker ant (D)
  A sheep (D)
  2 giant geckos (D)
  5 orcs (D)
  2 bats (D)
  2 bat zombies (D)
  A hobgoblin (D)
  2 giant newts (D)
63 creatures vanquished.

Vanquished Creatures (collateral kills)
  A hydra (D)
  An orc high priest (D)
  Sonja (D)
  An orc knight (D)
  A spiny frog (D)
  A giant leech (D)
  2 blink frogs (D)
  2 water moccasins (D)
  6 orc warriors (D)
  A crocodile (D)
  A giant frog (D)
  An orc priest (D)
  An orc (D)
20 creatures vanquished.

Vanquished Creatures (others)
  A spatial maelstrom (D)
1 creature vanquished.

Grand Total: 84 creatures vanquished

Notes
Turn   | Place    | Note
--------------------------------------------------------------
     0 | D        | Moloch the Naga Berserker began the quest for the Orb.
     0 | D        | Reached XP level 1. HP: 21/21 MP: 1/1
     3 | D        | Banished a spatial maelstrom
    10 | D        | Reached skill level 4 in Polearms
    11 | D        | Reached ** piety under Trog
    41 | D        | Noticed a crimson imp
    41 | D        | Noticed a worker ant
    41 | D        | Noticed an ogre
    47 | D        | Reached XP level 2. HP: 28/28 MP: 2/2
    53 | D        | Killed an ogre
    53 | D        | Reached *** piety under Trog
    53 | D        | Reached skill level 9 in Polearms
    53 | D        | Reached XP level 3. HP: 21/34 MP: 3/3
    53 | D        | Reached XP level 4. HP: 26/42 MP: 4/4
    59 | D        | Reached skill level 10 in Polearms
    59 | D        | Reached XP level 5. HP: 28/49 MP: 5/5
   164 | D        | Found a glowing silver altar of Zin.
   164 | D        | Found a glowing golden altar of the Shining One.
   164 | D        | Found an ancient bone altar of Kikubaaqudgha.
   164 | D        | Found a basalt altar of Yredelemnul.
   164 | D        | Found a shimmering altar of Xom.
   164 | D        | Found a radiant altar of Vehumet.
   165 | D        | Found an iron altar of Okawaru.
   166 | D        | Found a burning altar of Makhleb.
   167 | D        | Found a deep blue altar of Sif Muna.
   168 | D        | Found a bloodstained altar of Trog.
   169 | D        | Found a sparkling altar of Nemelex Xobeh.
   170 | D        | Found a white marble altar of Elyvilon.
   171 | D        | Found a roughly hewn altar of Beogh.
   172 | D        | Found a viscous altar of Jiyva.
   173 | D        | Found a corrupted altar of Lugonu.
   174 | D        | Found a blossoming altar of Fedhas.
   175 | D        | Found a snail-covered altar of Cheibriados.
   176 | D        | Found a shadowy altar of Dithmenos.
   177 | D        | Found a stormy altar of Qazlal.
   178 | D        | Found an opulent altar of Gozag.
   179 | D        | Found a sacrificial altar of Ru.
   180 | D        | Found an oddly glowing altar of Pakellas.
   229 | D        | Noticed a necrophage
   229 | D        | Noticed a big kobold
   229 | D        | Noticed a centaur
   229 | D        | Noticed a hungry ghost
   234 | D        | Killed a hungry ghost
   234 | D        | Reached skill level 12 in Polearms
   234 | D        | Reached XP level 6. HP: 56/56 MP: 6/6
   236 | D        | Reached **** piety under Trog
   236 | D        | Reached skill level 13 in Polearms
   250 | D        | Reached skill level 14 in Polearms
   254 | D        | Reached XP level 7. HP: 52/62 MP: 7/7
   284 | D        | Noticed a slime creature
   284 | D        | Noticed an unseen horror
   284 | D        | Noticed a centaur warrior
   284 | D        | Noticed a centaur warrior
   286 | D        | Reached ***** piety under Trog
   289 | D        | Killed a centaur warrior
   289 | D        | Reached skill level 17 in Polearms
   289 | D        | Reached XP level 8. HP: 69/69 MP: 8/8
   295 | D        | Killed a centaur warrior
   295 | D        | Reached skill level 18 in Polearms
   295 | D        | Reached XP level 9. HP: 75/75 MP: 9/9
   299 | D        | Killed an unseen horror
   299 | D        | Received a gift from Trog
   299 | D        | Reached skill level 19 in Polearms
   475 | D        | Reached skill level 20 in Polearms
   502 | D        | Reached XP level 10. HP: 63/84 MP: 10/10
   531 | D        | Noticed a six-headed hydra
   531 | D        | Noticed a spiny frog
   540 | D        | Killed an eight-headed hydra
   543 | D        | Reached skill level 21 in Polearms
   544 | D        | Reached ****** piety under Trog
   549 | D        | Noticed an elephant
   550 | D        | Killed a spiny frog
   564 | D        | Killed an elephant
   617 | D        | Noticed a spiny frog
   629 | D        | Received a gift from Trog
   629 | D        | Reached skill level 22 in Polearms
   651 | D        | Killed a spiny frog
   653 | D        | Received a gift from Trog
   857 | D        | Noticed Josephine
   869 | D        | Killed Josephine
   869 | D        | Reached XP level 11. HP: 92/92 MP: 11/11
   872 | D        | Reached skill level 23 in Polearms
   948 | D        | Noticed Sonja
   955 | D        | Killed Sonja
   955 | D        | Reached skill level 5 in Fighting
   984 | D        | Noticed Erica
   997 | D        | Killed Erica
   997 | D        | Received a gift from Trog
  1063 | D        | Received a gift from Trog
  1332 | D        | Noticed an orc knight
  1332 | D        | Noticed an orc high priest
  1337 | D        | Received a gift from Trog
  1340 | D        | Killed an orc high priest
  1344 | D        | Killed an orc knight
  1540 | D        | Noticed an orc knight
  1549 | D        | Killed an orc knight
  1549 | D        | Received a gift from Trog
  1555 | D        | Got an ancient bardiche {god gift}
  1556 | D        | Identified the +9 bardiche of Watchfulness {flame, Int+5} (Trog gifted it to you in the Dungeon)
  1587 | D        | Found Siadif's Food Boutique.
  1587 | D        | Noticed an orc high priest
  1587 | D        | Noticed an orc high priest
  1587 | D        | Noticed an orc high priest
  1587 | D        | Noticed an orc high priest
  1589 | D        | Reached skill level 5 in Armour
  1598 | D        | Killed an orc high priest
  1600 | D        | Noticed an orc high priest
  1605 | D        | Killed an orc high priest
  1605 | D        | Reached skill level 24 in Polearms
  1606 | D        | Found Pithrehe's Magic Scroll Shop.
  1606 | D        | Noticed an orc high priest
  1608 | D        | Killed an orc high priest
  1610 | D        | Found Jyre Ido's Book Boutique.
  1614 | D        | HP: 5/102 [orange demon[an orc high priest] (1)]
  1615 | D        | Killed from afar by an orc high priest

Vault maps used:
D:        linesprint

Skill      XL: |  1  2  3  4  5  6  7  8  9 10 11 |
---------------+----------------------------------+-----
Polearms       | 4 9 10 12 14 17 18 20 22 24 | 24.1
Fighting       | 4 7 |  7.7
Armour         | 2 6 |  6.2
Dodging        | |  1.5

Action                   |  1- 3 |  4- 6 |  7- 9 | 10-12 || total
-------------------------+-------+-------+-------+-------++-------
Melee: Spear             |    24 |     7 |       |       ||    31
       Halberd           |       |    23 |    58 |   114 ||   195
       Bardiche          |       |       |       |    43 ||    43
Invok: Berserk           |     1 |     1 |     2 |     7 ||    11
       Brothers in Arms  |       |       |       |     6 ||     6
  Use: Potion            |       |       |       |     1 ||     1
 Stab: Sleeping          |     1 |       |       |       ||     1
  Eat: Chunk             |       |       |     3 |    10 ||    13
Armor: Animal skin       |     5 |     1 |       |       ||     6
       Plate armour      |       |     7 |    19 |    29 ||    55
Dodge: Dodged            |     9 |     3 |     8 |    15 ||    35
